[Event "15th Lazio Festival 2022"]
[Site "Rome"]
[Date "2022.01.02"]
[Round "1.1"]
[White "Petrov, Marian"]
[Black "Pastore, Cosmas"]
[Result "1-0"]
[ECO "C54"]
[WhiteElo "2461"]
[BlackElo "1807"]
[Annotator "ChessBase"]
[PlyCount "111"]
[EventDate "2022.01.02"]
[EventType "swiss"]
[EventCountry "ITA"]
[SourceTitle "playchess.com"]
[Source "ChessBase"]
[SourceQuality "1"]
[TimeControl "5400+30"]

1. e4 e5 2. Nf3 Nc6 3. Bc4 Nf6 4. d3 Bc5 5. O-O O-O 6. a4 d6 7. c3 a5 8. Nbd2 h6 9. Re1 Ng4 10. Re2 Bb6 11. Nf1 Ne7 12. h3 Nf6 13. Ng3 Ng6 14. d4 Re8 15. Be3 exd4 16. Bxd4 Bxd4 17. Nxd4 Nf4 18. Re3 d5 19. exd5 Rxe3 20. fxe3 N4xd5 21. Qf3 Nb6 22. Bb3 c5 23. Ndf5 Bxf5 24. Nxf5 c4 25. Rd1 Qc7 26. Bc2 Nbd7 27. Nd6 Rb8 28. Rd4 Ne5 29. Qf4 Nd3 30. Rxc4 Nxf4 31. Rxc7 N4d5 32. Rxb7 Rxb7 33. Nxb7 Nxe3 34. Bb3 Ne4 35. Nxa5 Nd2 36. Kf2 Nxb3 37. Nxb3 Nd1+ 38. Ke2 Nxb2 39. a5 Kf8 40. a6 Na4 41. Kd3 Ke7 42. a7 Nb6 43. c4 Kd7 44. c5 Na8 45. Kc4 Nc7 46. Nd4 Na8 47. Nf5 Kc6 48. Nxg7 Kb7 49. Nf5 h5 50. h4 Kxa7 51. g4 Nc7 52. gxh5 Ne6 53. h6 Nf8 54. Kd5 Kb7 55. Kd6 Kc8 56. c6 1-0

[Event "15th Lazio Festival 2022"]
[Site "Rome"]
[Date "2022.01.02"]
[Round "1.2"]
[White "Porcu, Riccardo"]
[Black "Aghayev, Miragha"]
[Result "0-1"]
[ECO "B57"]
[WhiteElo "1771"]
[BlackElo "2393"]
[Annotator "ChessBase"]
[PlyCount "66"]
[EventDate "2022.01.02"]
[EventType "swiss"]
[EventCountry "ITA"]
[SourceTitle "playchess.com"]
[Source "ChessBase"]
[SourceQuality "1"]
[TimeControl "5400+30"]

1. e4 c5 2. Nf3 d6 3. d4 cxd4 4. Nxd4 Nf6 5. Nc3 Bd7 6. Bc4 Nc6 7. O-O g6 8. Kh1 Bg7 9. Nxc6 Bxc6 10. f3 O-O 11. Be3 a6 12. a4 Qa5 13. Nd5 Bxd5 14. exd5 Rac8 15. Bb3 Nd7 16. Bd4 Bxd4 17. Qxd4 Nc5 18. Bc4 Qb4 19. Rfd1 Nxa4 20. Bxa6 Qxd4 21. Rxd4 bxa6 22. Rdxa4 Rxc2 23. Rxa6 Rxb2 24. h3 Re2 25. R1a2 Re1+ 26. Kh2 Rc8 27. Rc6 Rb8 28. Rc7 Kg7 29. Raa7 Kf6 30. g4 Rb2+ 31. Kg3 Rg1+ 32. Kf4 Re2 33. h4 h6 0-1

[Event "15th Lazio Festival 2022"]
[Site "Rome"]
[Date "2022.01.02"]
[Round "1.3"]
[White "D`antonio, Neri"]
[Black "Spada, Dario"]
[Result "1-0"]
[ECO "C06"]
[WhiteElo "2280"]
[BlackElo "1749"]
[Annotator "ChessBase"]
[PlyCount "51"]
[EventDate "2022.01.02"]
[EventType "swiss"]
[EventCountry "ITA"]
[SourceTitle "playchess.com"]
[Source "ChessBase"]
[SourceQuality "1"]
[TimeControl "5400+30"]

1. e4 e6 2. d4 d5 3. Nd2 Nf6 4. e5 Nfd7 5. Bd3 c5 6. c3 Nc6 7. Ne2 Qb6 8. Nf3 Be7 9. O-O cxd4 10. cxd4 a5 11. Re1 Nb4 12. Bb1 Qa7 13. Nc3 Nb6 14. Bg5 Bd7 15. a3 Nc6 16. Nb5 Qb8 17. Bxe7 Kxe7 18. Nd6 h6 19. Nh4 Nc8 20. Qf3 Rf8 21. Bg6 Nxd4 22. Qf4 Nb5 23. Bxf7 Ncxd6 24. Ng6+ Kd8 25. Nxf8 Nf5 26. Bxe6 1-0

[Event "15th Lazio Festival 2022"]
[Site "Rome"]
[Date "2022.01.02"]
[Round "1.4"]
[White "Campanella, Giovanni"]
[Black "Corvi, Marco"]
[Result "0-1"]
[ECO "A07"]
[WhiteElo "1763"]
[BlackElo "2288"]
[Annotator "ChessBase"]
[PlyCount "66"]
[EventDate "2022.01.02"]
[EventType "swiss"]
[EventCountry "ITA"]
[SourceTitle "playchess.com"]
[Source "ChessBase"]
[SourceQuality "1"]
[TimeControl "5400+30"]

1. g3 d5 2. Nf3 Nc6 3. Bg2 e5 4. d3 f6 5. O-O Be6 6. b3 Qd7 7. Bb2 h5 8. c4 Nge7 9. cxd5 Nxd5 10. Nc3 O-O-O 11. a3 g5 12. b4 h4 13. b5 Nd4 14. Ne4 Nxf3+ 15. Bxf3 hxg3 16. fxg3 Qh7 17. Rf2 Kb8 18. Qa4 g4 19. Nxf6 Nxf6 20. Bxb7 Bc5 21. d4 Rxd4 22. Bxd4 Bxd4 23. Bg2 Qxh2+ 24. Kf1 Qh1+ 25. Bxh1 Rxh1+ 26. Kg2 Bd5+ 27. Rf3 Rxa1 28. Qb4 Kb7 29. Qe7 gxf3+ 30. exf3 Rg1+ 31. Kh3 Bxf3 32. Kh4 Be3 33. g4 Bf4 0-1

[Event "15th Lazio Festival 2022"]
[Site "Rome"]
[Date "2022.01.02"]
[Round "1.6"]
[White "Silici, Renato"]
[Black "Lami, Damiano"]
[Result "0-1"]
[ECO "D45"]
[WhiteElo "1727"]
[BlackElo "2019"]
[Annotator "NA"]
[PlyCount "77"]
[EventDate "2022.01.02"]
[EventType "swiss"]
[EventCountry "ITA"]
[SourceTitle "playchess.com"]
[Source "ChessBase"]
[SourceQuality "1"]
[TimeControl "5400+30"]

1. c4 Nf6 2. Nc3 e6 3. Nf3 d5 4. d4 c6 5. e3 Nbd7 6. cxd5 exd5 7. Bd3 Bd6 8. O-O O-O 9. Nd2 Re8 10. Re1 Qc7 11. h3 b5 12. a3 a5 13. e4 dxe4 14. Ndxe4 Bh2+ 15. Kh1 Bd6 16. Bg5 Nxe4 17. Nxe4 Re6 18. Rc1 Bf4 19. d5 Rxe4 20. Rxe4 Bxg5 21. Re8+ Nf8 22. Qh5 h6 23. Rxc6 Qd7 24. Re5 Bb7 25. Bxb5 Qd8 26. Rc4 Bxd5 27. Rc2 Ne6 28. h4 Bxg2+ 29. Kg1 Qb8 30. Rce2 Nf4 31. Re8+ Qxe8 32. Rxe8+ Rxe8 33. Qd1 Re5 34. hxg5 Rxg5 35. Qd8+ Kh7 36. Bd3+ Nxd3 37. Qxd3+ Be4+ 38. Qg3 Rxg3+ 39. fxg3 0-1

[Event "15th Lazio Festival 2022"]
[Site "Rome"]
[Date "2022.01.03"]
[Round "3.1"]
[White "Petrov, Marian"]
[Black "Corvi, Marco"]
[Result "1/2-1/2"]
[ECO "B22"]
[WhiteElo "2461"]
[BlackElo "2288"]
[Annotator "ChessBase"]
[PlyCount "46"]
[EventDate "2022.01.02"]
[EventType "swiss"]
[EventCountry "ITA"]
[SourceTitle "playchess.com"]
[Source "ChessBase"]
[SourceQuality "1"]
[TimeControl "5400+30"]

1. e4 c5 2. c3 Nf6 3. e5 Nd5 4. Nf3 Nc6 5. d4 cxd4 6. cxd4 d6 7. Bc4 Nb6 8. Bb5 dxe5 9. Nxe5 Bd7 10. Nxd7 Qxd7 11. Nc3 Rd8 12. O-O e6 13. Bxc6 bxc6 14. Bg5 Be7 15. Bxe7 Qxe7 16. Qf3 O-O 17. Qxc6 Rxd4 18. Rfd1 Rxd1+ 19. Rxd1 Rc8 20. Qb5 h6 21. a4 Rc5 22. Qe2 Rc7 23. Qb5 Rc5 1/2-1/2

[Event "15th Lazio Festival 2022"]
[Site "Rome"]
[Date "2022.01.03"]
[Round "3.2"]
[White "Maxion, Dirk"]
[Black "Aghayev, Miragha"]
[Result "0-1"]
[ECO "C77"]
[WhiteElo "2089"]
[BlackElo "2393"]
[Annotator "ChessBase"]
[PlyCount "92"]
[EventDate "2022.01.02"]
[EventType "swiss"]
[EventCountry "ITA"]
[SourceTitle "playchess.com"]
[Source "ChessBase"]
[SourceQuality "1"]
[TimeControl "5400+30"]

1. e4 e5 2. Nf3 Nc6 3. Bb5 a6 4. Ba4 Nf6 5. d3 d6 6. c3 g6 7. O-O Bg7 8. Re1 O-O 9. Nbd2 b5 10. Bb3 Re8 11. Ng5 Rf8 12. Nf1 h6 13. Nf3 d5 14. Ng3 Re8 15. h3 Be6 16. a4 dxe4 17. dxe4 Qxd1 18. Bxd1 Nd7 19. axb5 axb5 20. Rxa8 Rxa8 21. Be2 Bc4 22. Be3 Bxe2 23. Rxe2 Ra1+ 24. Re1 Ra2 25. Rd1 Nf6 26. Rb1 Bf8 27. Nd2 Na5 28. Ne2 Nc4 29. Nxc4 bxc4 30. f3 Nd7 31. Kf1 Kg7 32. Nc1 Ra8 33. Ne2 Bc5 34. Bc1 Bb6 35. Ng3 Ra2 36. Ke1 Nc5 37. Ne2 Nd3+ 38. Kd1 Bf2 39. f4 exf4 40. Nxf4 Nxc1 41. Rxc1 Be3 42. Nd5 Bxc1 43. Kxc1 Ra1+ 44. Kd2 Rb1 45. Kc2 Re1 46. Nxc7 Re2+ 0-1

[Event "15th Lazio Festival 2022"]
[Site "Rome"]
[Date "2022.01.03"]
[Round "3.3"]
[White "D`antonio, Neri"]
[Black "Lami, Damiano"]
[Result "1/2-1/2"]
[ECO "B01"]
[WhiteElo "2280"]
[BlackElo "2019"]
[Annotator "ChessBase"]
[PlyCount "136"]
[EventDate "2022.01.02"]
[EventType "swiss"]
[EventCountry "ITA"]
[SourceTitle "playchess.com"]
[Source "ChessBase"]
[SourceQuality "1"]
[TimeControl "5400+30"]

1. e4 d5 2. exd5 Qxd5 3. Nc3 Qa5 4. d4 Nf6 5. Nf3 Bf5 6. Ne5 c6 7. Bd3 Bxd3 8. Qxd3 Nbd7 9. Nxd7 Nxd7 10. O-O e6 11. Ne4 Be7 12. Qg3 Rg8 13. c4 O-O-O 14. Be3 Nf6 15. Nc3 Bd6 16. Qf3 Qh5 17. Qxh5 Nxh5 18. Rfd1 Bf4 19. b4 Bxe3 20. fxe3 Nf6 21. h3 Rd7 22. Rd2 Rgd8 23. Rad1 b6 24. Kf2 h6 25. Kf3 Kc7 26. e4 a6 27. a4 Ne8 28. c5 a5 29. cxb6+ Kxb6 30. b5 Rc7 31. Rb2 cxb5 32. Nxb5 Rc4 33. Nd6+ Rb4 34. Rxb4+ axb4 35. Nxf7 Rc8 36. d5 exd5 37. Rxd5 Nc7 38. a5+ Ka6 39. Rc5 b3 40. Rc3 Rb8 41. Rc1 b2 42. Rb1 Rf8 43. Rxb2 Rxf7+ 44. Kg4 Kxa5 45. Rb8 Ne6 46. g3 Rf8 47. Rb7 Re8 48. Kf5 Ka6 49. Rd7 Kb5 50. e5 Kc5 51. g4 Nd4+ 52. Ke4 Ne6 53. Kf5 Nd4+ 54. Ke4 Nc6 55. Rxg7 Rxe5+ 56. Kf4 Re6 57. g5 hxg5+ 58. Rxg5+ Kd4 59. h4 Nd8 60. Rg1 Rf6+ 61. Kg5 Rf8 62. Rd1+ Ke5 63. Re1+ Kd5 64. h5 Ne6+ 65. Kg6 Rf2 66. h6 Rg2+ 67. Kf6 Rf2+ 68. Kg6 Rg2+ 1/2-1/2

[Event "15th Lazio Festival 2022"]
[Site "Rome"]
[Date "2022.01.03"]
[Round "3.4"]
[White "Maione, Melissa"]
[Black "Agostini, Maurizio"]
[Result "1-0"]
[ECO "B38"]
[WhiteElo "1866"]
[BlackElo "1972"]
[Annotator "ChessBase"]
[PlyCount "123"]
[EventDate "2022.01.02"]
[EventType "swiss"]
[EventCountry "ITA"]
[SourceTitle "playchess.com"]
[Source "ChessBase"]
[SourceQuality "1"]
[TimeControl "5400+30"]

1. e4 c5 2. Nf3 g6 3. d4 cxd4 4. Nxd4 Bg7 5. c4 Nc6 6. Be3 d6 7. Nc3 Nf6 8. Be2 O-O 9. O-O Bd7 10. Qd2 Nxd4 11. Bxd4 Bc6 12. f3 a5 13. b3 Nd7 14. Be3 Nc5 15. Rab1 Qb6 16. Rfc1 Qb4 17. Rc2 Rfe8 18. Qc1 Qb6 19. a3 Qc7 20. Qe1 a4 21. b4 Nb3 22. Qf2 e5 23. b5 Nd4 24. Rcc1 Bd7 25. Bd1 Be6 26. Rb4 Nb3 27. Bxb3 axb3 28. Nd5 Qa5 29. Rxb3 Bxd5 30. cxd5 Rec8 31. Qb2 Rc4 32. Qd2 Qa4 33. Rxc4 Qxb3 34. Qc3 Qxb5 35. Rc8+ Rxc8 36. Qxc8+ Bf8 37. h3 f6 38. Kh2 Kf7 39. Qe6+ Kg7 40. Bd2 Qb6 41. Qe8 Qc7 42. Bh6+ Kxh6 43. Qxf8+ Kg5 44. h4+ Kf4 45. Qh6+ g5 46. Qxf6+ Ke3 47. Qxg5+ Ke2 48. Qh5 Ke3 49. Qh6+ Ke2 50. a4 Kd3 51. h5 Qe7 52. Kh3 Qd7+ 53. Qe6 Qd8 54. Qf7 Qc8+ 55. Qf5 Qc7 56. h6 Qc1 57. Qxh7 Qh1+ 58. Kg3 Qe1+ 59. Kg4 Qf1 60. g3 Ke3 61. Qf5 Qh1 62. h7 1-0

[Event "15th Lazio Festival 2022"]
[Site "Rome"]
[Date "2022.01.03"]
[Round "3.5"]
[White "Castelfranchi, Carlo"]
[Black "Brozzi, Danilo"]
[Result "1/2-1/2"]
[ECO "C42"]
[WhiteElo "1914"]
[BlackElo "1728"]
[Annotator "ChessBase"]
[PlyCount "51"]
[EventDate "2022.01.02"]
[EventType "swiss"]
[EventCountry "ITA"]
[SourceTitle "playchess.com"]
[Source "ChessBase"]
[SourceQuality "1"]
[TimeControl "5400+30"]

1. e4 e5 2. Nf3 Nf6 3. Nxe5 d6 4. Nf3 Nxe4 5. d4 d5 6. Bd3 Bf5 7. O-O Be7 8. Re1 O-O 9. c4 c6 10. cxd5 cxd5 11. Qb3 Nc6 12. Nc3 Bb4 13. a3 Bxc3 14. bxc3 Na5 15. Qb4 Rc8 16. Bf4 b6 17. Rac1 Nc4 18. Bxe4 Bxe4 19. Nd2 Bd3 20. Nxc4 Bxc4 21. Qe7 a5 22. Bd6 Qxe7 23. Rxe7 Rfe8 24. Rce1 Rxe7 25. Rxe7 b5 26. Bc5 1/2-1/2

[Event "15th Lazio Festival 2022"]
[Site "Rome"]
[Date "2022.01.03"]
[Round "3.6"]
[White "Giri, Andrea"]
[Black "Buffoni, Luca"]
[Result "1-0"]
[ECO "A80"]
[WhiteElo "1560"]
[BlackElo "1778"]
[Annotator "NA"]
[PlyCount "85"]
[EventDate "2022.01.02"]
[EventType "swiss"]
[EventCountry "ITA"]
[SourceTitle "playchess.com"]
[Source "ChessBase"]
[SourceQuality "1"]
[TimeControl "5400+30"]

1. d4 f5 2. g4 fxg4 3. h3 g3 4. fxg3 d5 5. Bg2 Nf6 6. Nc3 Bf5 7. Bg5 Nbd7 8. Nxd5 c6 9. Nxf6+ Nxf6 10. Bxf6 exf6 11. e4 Bg6 12. Ne2 Bd6 13. Qd3 Qc7 14. O-O-O O-O 15. h4 Qa5 16. Nc3 b5 17. h5 Bf7 18. h6 g6 19. e5 fxe5 20. Bxc6 Bc4 21. Qe4 b4 22. Bd5+ Bxd5 23. Qxd5+ Qxd5 24. Nxd5 exd4 25. Rxd4 a5 26. g4 Rac8 27. g5 Be5 28. Re4 Bd6 29. Re6 Bf4+ 30. Nxf4 Rxf4 31. Rhe1 Rf2 32. Re8+ Rxe8 33. Rxe8+ Kf7 34. Rh8 Rg2 35. Rxh7+ Kf8 36. Rh8+ Kf7 37. Ra8 Rh2 38. Ra7+ Ke6 39. Rxa5 Rg2 40. b3 Rg4 41. Kb2 Rg3 42. Rb5 Rg4 43. a4 1-0

[Event "15th Lazio Festival 2022"]
[Site "Rome"]
[Date "2022.01.04"]
[Round "4.5"]
[White "Pastore, Cosmas"]
[Black "Di Maulo, Alessandra"]
[Result "0-1"]
[ECO "C50"]
[WhiteElo "1807"]
[BlackElo "1810"]
[Annotator "NA RC"]
[PlyCount "84"]
[EventDate "2022.01.02"]
[EventType "swiss"]
[EventCountry "ITA"]
[SourceTitle "playchess.com"]
[Source "ChessBase"]
[SourceQuality "1"]
[TimeControl "5400+30"]

1. e4 e5 2. Bc4 Nf6 3. d3 Bc5 4. Nc3 d6 5. Nf3 h6 6. h3 Nc6 7. O-O O-O 8. Ne2 Be6 $11 9. Ng3 Bxc4 10. dxc4 Ne7 11. Nh4 Kh7 12. Be3 Bb6 13. Qd2 Qd7 14. Rae1 Ng6 15. Nxg6 fxg6 16. c3 Qe6 17. b3 Rae8 18. Rd1 Rd8 19. Qe2 Nd7 20. Rd2 Qf7 21. Rfd1 Bxe3 22. Qxe3 a6 23. f3 Nc5 24. Ne2 Ne6 25. b4 Qf6 26. a4 Ra8 27. c5 dxc5 28. bxc5 Rad8 29. Rd5 c6 30. Rd6 Qe7 31. a5 Qc7 32. Rb1 Rfe8 33. Rb6 Re7 34. Rxd8 Qxd8 35. Kf2 Rd7 36. Rb3 Rd3 37. Qc1 Nxc5 38. Rb6 Rd2 39. Qa3 Qd3 40. Qxc5 Qxe2+ 41. Kg3 Qxg2+ 42. Kh4 Qg5# 0-1

[Event "15th Lazio Festival 2022"]
[Site "Rome"]
[Date "2022.01.04"]
[Round "4.6"]
[White "Brozzi, Danilo"]
[Black "Silici, Renato"]
[Result "1/2-1/2"]
[ECO "A62"]
[WhiteElo "1728"]
[BlackElo "1727"]
[Annotator "NA RC"]
[PlyCount "80"]
[EventDate "2022.01.02"]
[EventType "swiss"]
[EventCountry "ITA"]
[SourceTitle "playchess.com"]
[Source "ChessBase"]
[SourceQuality "1"]
[TimeControl "5400+30"]

1. d4 Nf6 2. c4 c5 3. d5 e6 4. Nc3 exd5 5. cxd5 d6 6. g3 g6 7. Bg2 Bg7 8. Nf3 O-O 9. O-O Re8 10. Re1 a6 11. e4 Bg4 12. h3 Bxf3 13. Qxf3 Nbd7 14. Qe2 b5 15. Qf1 c4 16. a4 b4 17. Na2 b3 18. Nb4 Ne5 19. a5 Qc7 20. Bd2 Qc5 21. Bc3 Nfd7 22. Kh2 g5 23. f4 gxf4 24. gxf4 Ng6 25. Nc6 Bh6 26. f5 Nge5 27. Bb4 Qb5 28. Bxd6 Nxc6 29. dxc6 Ne5 30. Qf2 f6 31. Qg3+ Kf7 32. Qh4 Bg7 33. Qh5+ Kg8 34. Qe2 Qxc6 35. Bxe5 Rxe5 36. Rec1 Rc8 37. Rc3 Qc7 38. Kh1 Rxa5 39. Rac1 Rc5 40. Bf1 Qe5 1/2-1/2

[Event "15th Lazio Festival 2022"]
[Site "Rome"]
[Date "2022.01.05"]
[Round "5.2"]
[White "Maione, Melissa"]
[Black "Maxion, Dirk"]
[Result "1-0"]
[ECO "B99"]
[WhiteElo "1866"]
[BlackElo "2089"]
[Annotator "NA"]
[PlyCount "75"]
[EventDate "2022.01.02"]
[EventType "swiss"]
[EventCountry "ITA"]
[SourceTitle "playchess.com"]
[Source "ChessBase"]
[SourceQuality "1"]
[TimeControl "5400+30"]

1. e4 c5 2. Nf3 d6 3. d4 cxd4 4. Nxd4 Nf6 5. Nc3 a6 6. Bg5 e6 7. Qf3 Be7 8. Qg3 Qc7 9. O-O-O Nbd7 10. f4 h6 11. Bxf6 Bxf6 12. f5 Ne5 13. Be2 {[%emt 0:02:17] [#]} O-O $1 14. h4 Bd7 15. Qh3 b5 16. a3 (16. g4 $11 {remains equal.}) 16... Rab8 (16... Nc4 $17 17. fxe6 fxe6) 17. g4 ({White should try} 17. fxe6 $15 fxe6 18. Nxe6) 17... b4 ({Black should play} 17... Nc4 18. g5 Be5 19. gxh6 Nxb2 20. hxg7 (20. Kxb2 $2 b4 $19) 20... Rfc8 21. fxe6 (21. Kxb2 $2 b4 $19) 21... Bxe6 22. Nxe6 Qxc3 23. Qxc3 Rxc3 24. Kxb2 fxe6) 18. axb4 {[%emt 0:06:05] [#]} Rxb4 $2 (18... Nc6 $1 $17 {[%cal Rc6d4] keeps the pressure on.} 19. Nxc6 Qxc6) 19. Na2 $17 (19. g5 $1 $16 {[%cal Rg5f6] and life is bright.} Qb6 20. gxf6 Rxd4 21. h5 Rxd1+ 22. Rxd1) 19... Rb6 20. g5 hxg5 21. hxg5 Bxg5+ 22. Kb1 Bh6 23. Rdg1 Rfb8 24. b3 Kf8 25. fxe6 Bc8 26. Qg2 Ng6 27. exf7 Nf4 28. Qf1 Qxf7 29. Bc4 d5 30. exd5 Rd6 31. Nc3 Rg6 32. Rxg6 Qxg6 33. Nc6 Rb7 34. Qf2 Bf5 35. Qc5+ Kg8 36. d6+ Kh8 37. d7 Bxc2+ 38. Ka1 1-0

[Event "15th Lazio Festival 2022"]
[Site "Rome"]
[Date "2022.01.05"]
[Round "5.3"]
[White "Di Maulo, Alessandra"]
[Black "Lami, Damiano"]
[Result "0-1"]
[ECO "B01"]
[WhiteElo "1810"]
[BlackElo "2019"]
[Annotator "NA"]
[PlyCount "117"]
[EventDate "2022.01.02"]
[EventType "swiss"]
[EventCountry "ITA"]
[SourceTitle "playchess.com"]
[Source "ChessBase"]
[SourceQuality "1"]
[TimeControl "5400+30"]

1. e4 d5 2. exd5 Qxd5 3. Nc3 Qa5 4. d4 Nf6 5. Nf3 Bf5 6. Bc4 e6 7. O-O c6 8. h3 Bd6 9. Bd2 Qc7 10. Re1 O-O 11. Nh4 Bg6 12. Nxg6 hxg6 13. Ne4 Bh2+ 14. Kh1 Bf4 15. Nxf6+ gxf6 16. Bc3 Bh6 17. Qf3 Nd7 18. Rad1 Nb6 $11 19. Bb3 Qf4 20. Qe2 Nd5 21. Bd2 Qh4 22. Bxh6 Qxh6 23. Qf3 Kg7 24. c3 Rfd8 25. Kg1 Rd7 26. Bc2 Rad8 27. Kh1 Qf4 28. Qxf4 Nxf4 29. Kh2 Nd5 30. a4 b6 31. Kg1 f5 32. Kf1 g5 33. Re5 Kf6 34. Rde1 Rh8 35. Bd1 Nf4 36. R5e3 g4 37. Bc2 Rdd8 38. Rg3 Rh4 39. a5 bxa5 40. Ra1 Rd5 41. Ba4 Rd8 42. Bxc6 Rb8 43. Rxa5 Rxb2 44. Ra1 gxh3 45. gxh3 Nxh3 46. Rf3 a5 47. Rxa5 Rb1+ 48. Kg2 Nf4+ 49. Rxf4 Rxf4 50. Ra2 Rc1 51. Be8 Ke7 52. Bb5 Rxc3 53. Ra7+ Kf8 54. Ra8+ Kg7 55. Rd8 Rc2 56. d5 Rcxf2+ 57. Kg1 Rb2 58. dxe6 fxe6 59. Bf1 0-1

[Event "15th Lazio Festival 2022"]
[Site "Rome"]
[Date "2022.01.05"]
[Round "5.5"]
[White "Silici, Renato"]
[Black "Agostini, Maurizio"]
[Result "1-0"]
[ECO "E14"]
[WhiteElo "1727"]
[BlackElo "1972"]
[Annotator "ChessBase"]
[PlyCount "103"]
[EventDate "2022.01.02"]
[EventType "swiss"]
[EventCountry "ITA"]
[SourceTitle "playchess.com"]
[Source "ChessBase"]
[SourceQuality "1"]
[TimeControl "5400+30"]

1. c4 e6 2. Nc3 d5 3. d4 Nf6 4. Nf3 Be7 5. e3 O-O 6. Bd3 b6 7. cxd5 exd5 8. O-O Bb7 9. Bd2 Nbd7 10. Rc1 Ne4 11. Be1 Rc8 12. Qe2 Ndf6 13. Ba6 Bxa6 14. Qxa6 c5 15. Qa4 Bd6 16. Rd1 Qe7 17. dxc5 Nxc5 18. Qh4 Rfd8 19. Nb5 Bb8 20. Nfd4 Qe4 21. Qg5 h6 22. Qf5 Ng4 23. h3 Nh2 24. Nxa7 Rc7 25. Nac6 Rxc6 26. Nxc6 Qxf5 27. Ne7+ Kh7 28. Nxf5 Nxf1 29. Kxf1 Be5 30. b3 Ne4 31. Ne7 Rd7 32. Nxd5 Rd6 33. f3 Ng3+ 34. Bxg3 Bxg3 35. Ke2 Be5 36. e4 Rc6 37. Ke3 g5 38. Kd3 b5 39. Rd2 Rc1 40. Rc2 Rd1+ 41. Ke2 Rg1 42. Ne3 Bd4 43. Kd3 Bb6 44. Nd5 Ba5 45. b4 Bd8 46. Kd4 Kg6 47. Kc5 f5 48. Kxb5 fxe4 49. fxe4 Re1 50. Rc8 Bf6 51. Rc6 Re2 52. Nxf6 1-0

[Event "15th Lazio Festival 2022"]
[Site "Rome"]
[Date "2022.01.05"]
[Round "5.6"]
[White "Giri, Andrea"]
[Black "Maldonado, Stefano"]
[Result "1/2-1/2"]
[ECO "C85"]
[WhiteElo "1560"]
[BlackElo "1916"]
[Annotator "ChessBase"]
[PlyCount "120"]
[EventDate "2022.01.02"]
[EventType "swiss"]
[EventCountry "ITA"]
[SourceTitle "playchess.com"]
[Source "ChessBase"]
[SourceQuality "1"]
[TimeControl "5400+30"]

1. e4 e5 2. Nf3 Nc6 3. Bb5 a6 4. Ba4 Nf6 5. O-O Be7 6. Bxc6 dxc6 7. Qe1 Qd6 8. d4 Nd7 9. c3 f6 10. Be3 c5 11. Qe2 cxd4 12. cxd4 c5 13. d5 g6 14. Nfd2 f5 15. f3 f4 16. Bf2 g5 17. a4 h5 18. Nc3 Qg6 19. h3 g4 20. fxg4 Nf6 21. g5 Qxg5 22. Nf3 Qg7 23. Kh1 Bd6 24. Qc4 Qe7 25. a5 Rb8 26. Na4 Bd7 27. Nxc5 Bb5 28. Qc2 Bxf1 29. Rxf1 Qc7 30. Qa4+ Ke7 31. Nd3 Rhc8 32. Bh4 Qc4 33. Bxf6+ Kxf6 34. Qd7 Qc7 35. Qe6+ Kg7 36. Ndxe5 Bxe5 37. Nxe5 Rf8 38. Qg6+ Kh8 39. Qxh5+ Kg8 40. Qg5+ Kh7 41. Kh2 Rbe8 42. Qg6+ Kh8 43. Qh6+ Kg8 44. Qg6+ Qg7 45. Qxg7+ Kxg7 46. Nd7 Rf7 47. Nc5 Kh6 48. d6 Rd8 49. e5 Rf5 50. Nxb7 Rd7 51. Nc5 Rd8 52. Nd3 Kg5 53. Re1 f3 54. gxf3 Rxf3 55. Nc5 Kf5 56. Kg2 Rf4 57. d7 Rg8+ 58. Kh2 Rf2+ 59. Kh1 Rf3 60. Kh2 Rf2+ 1/2-1/2

[Event "15th Lazio Festival 2022"]
[Site "Rome"]
[Date "2022.01.06"]
[Round "6.3"]
[White "Silici, Renato"]
[Black "Corvi, Marco"]
[Result "0-1"]
[ECO "A29"]
[WhiteElo "1727"]
[BlackElo "2288"]
[Annotator "ChessBase"]
[PlyCount "82"]
[EventDate "2022.01.02"]
[EventType "swiss"]
[EventCountry "ITA"]
[SourceTitle "playchess.com"]
[Source "ChessBase"]
[SourceQuality "1"]
[TimeControl "5400+30"]

1. c4 e5 2. Nc3 Nf6 3. Nf3 Nc6 4. g3 d5 5. cxd5 Nxd5 6. Bg2 Nb6 7. d3 Be7 8. O-O O-O 9. a3 Be6 10. b4 a5 11. b5 Nd4 12. Nxd4 exd4 13. Na4 Bd5 14. Nxb6 cxb6 15. Bh3 Re8 16. Bb2 Bc5 17. Re1 a4 18. Bg2 Bxg2 19. Kxg2 Qd7 20. Rb1 Qxb5 21. Qc1 Qd7 22. Qf4 Re6 23. Qg4 h5 24. Qg5 Rg6 25. Qf4 Re8 26. h3 Rge6 27. Qf3 h4 28. Rbd1 Rf6 29. Qg4 Qc6+ 30. Kg1 hxg3 31. fxg3 Rg6 32. Qf3 Qxf3 33. exf3 Rxe1+ 34. Rxe1 Rxg3+ 35. Kf2 Rxh3 36. Kg2 Rh6 37. Re8+ Kh7 38. Rd8 Rd6 39. Rb8 Re6 40. Bc1 Re2+ 41. Kg3 Bd6+ 0-1

[Event "15th Lazio Festival 2022"]
[Site "Rome"]
[Date "2022.01.06"]
[Round "6.4"]
[White "Di Maulo, Alessandra"]
[Black "Zotti, Enrico"]
[Result "0-1"]
[ECO "B53"]
[WhiteElo "1810"]
[BlackElo "1829"]
[Annotator "NA"]
[PlyCount "70"]
[EventDate "2022.01.02"]
[EventType "swiss"]
[EventCountry "ITA"]
[SourceTitle "playchess.com"]
[Source "ChessBase"]
[SourceQuality "1"]
[TimeControl "5400+30"]

1. e4 c5 2. Nf3 d6 3. d4 cxd4 4. Qxd4 Nc6 5. Qe3 Nf6 6. Be2 e6 7. c4 Be7 8. O-O O-O 9. Nc3 b6 10. Rd1 Qc7 11. b3 Bb7 12. Bb2 Rad8 13. Rac1 Ne5 14. h3 Nxf3+ 15. Bxf3 Qc5 16. Qd2 Nd7 17. Na4 Qg5 18. Qxg5 Bxg5 19. Rc3 Ne5 20. Ba3 Be7 21. Re1 Rd7 22. Bd1 Rc8 23. f4 Ng6 24. Bc1 Bf6 25. Rc2 Bd4+ 26. Kh1 f5 27. Rd2 e5 28. fxe5 dxe5 29. Bb2 Bxe4 30. Rxe4 fxe4 31. Bg4 Rcd8 32. Bxd7 Rxd7 33. Nc3 e3 34. Rd1 Nf4 35. Na4 Nd3 0-1

[Event "15th Lazio Festival 2022"]
[Site "Rome"]
[Date "2022.01.06"]
[Round "6.5"]
[White "Brozzi, Danilo"]
[Black "Maxion, Dirk"]
[Result "1-0"]
[ECO "E70"]
[WhiteElo "1728"]
[BlackElo "2089"]
[Annotator "ChessBase"]
[PlyCount "57"]
[EventDate "2022.01.02"]
[EventType "swiss"]
[EventCountry "ITA"]
[SourceTitle "playchess.com"]
[Source "ChessBase"]
[SourceQuality "1"]
[TimeControl "5400+30"]

1. d4 Nf6 2. c4 g6 3. Nc3 Bg7 4. e4 d6 5. Nge2 O-O 6. Ng3 c5 7. d5 e6 8. Be2 exd5 9. exd5 Re8 10. Bf4 a6 11. Qd2 Ng4 12. f3 Ne5 13. O-O-O b5 14. cxb5 axb5 15. Bxb5 Bd7 16. Bc6 Ra6 17. Nge4 Nbxc6 18. dxc6 Bxc6 19. Nxc5 Rb6 20. Bxe5 Rxe5 21. Nb3 Qh4 22. Qd4 Qh6+ 23. Kb1 Ra6 24. Qc4 Bb7 25. Qb4 Bc8 26. Rxd6 Bf8 27. Rd8 Bf5+ 28. Ka1 Re7 29. Qxe7 1-0

[Event "15th Lazio Festival 2022"]
[Site "Rome"]
[Date "2022.01.06"]
[Round "6.6"]
[White "De Blasio, Alessandro"]
[Black "Maldonado, Stefano"]
[Result "1-0"]
[ECO "C47"]
[WhiteElo "1934"]
[BlackElo "1916"]
[Annotator "ChessBase"]
[PlyCount "83"]
[EventDate "2022.01.02"]
[EventType "swiss"]
[EventCountry "ITA"]
[SourceTitle "playchess.com"]
[Source "ChessBase"]
[SourceQuality "1"]
[TimeControl "5400+30"]

1. e4 e5 2. Nc3 Nf6 3. g3 d5 4. exd5 Nxd5 5. Bg2 Nxc3 6. bxc3 Nc6 7. Nf3 Bc5 8. O-O O-O 9. d3 Bg4 10. h3 Bh5 11. Qe1 Re8 12. Rb1 Bb6 13. a4 Bg6 14. Nd2 Qe7 15. Nc4 Qe6 16. Qe2 e4 17. d4 Bxd4 18. Rxb7 Bxc3 19. Rxc7 Rac8 20. Rxc8 Rxc8 21. Be3 Nb4 22. Rd1 Qa6 23. Bf1 Qxa4 24. Nd6 Rb8 25. Qc4 Qc6 26. Qxc6 Nxc6 27. Nb5 Bf6 28. Nxa7 Ne5 29. c4 Bf5 30. c5 Ra8 31. Nb5 Bd7 32. Nc7 Rc8 33. Nd5 Bd8 34. Kg2 Be6 35. Ba6 Ra8 36. Bb7 Rb8 37. c6 Bxd5 38. Rxd5 Bc7 39. Bf4 Re8 40. Bxe5 Bxe5 41. Rxe5 Rxe5 42. c7 1-0